 Dungeon Crawl Stone Soup version 0.26.0-11-g8f856b5395 (webtiles) character file.

Game seed: 13984228410071096729

146 Marvel the Chopper (level 5, -10/46 HPs)
             Began as a Hill Orc Fighter on Jan 15, 2021.
             Was an Initiate of Yredelemnul.
             Mangled by an ogre
             ... wielding a +0 giant club
              (19 damage)
             ... on level 4 of the Dungeon.
             The game lasted 00:02:40 (3297 turns).

Marvel the Chopper (Hill Orc Fighter)               Turns: 3297, Time: 00:02:41

Health: -10/46     AC:  7    Str: 20    XL:     5   Next: 28%
Magic:  5/5        EV:  7    Int:  8    God:    Yredelemnul [......]
Gold:   166        SH:  9    Dex: 10    Spells: 4/4 levels left

rFire    . . .     SeeInvis .   a - +0 war axe
rCold    . . .     Faith    .   c - +0 kite shield
rNeg     . . .     Spirit   .   b - +0 scale mail
rPois    .         Reflect  .   (no helmet)
rElec    .         Harm     .   (no cloak)
rCorr    .         Rampage  .   (no gloves)
Will     .....                  (no boots)
Stlth    ..........             (no amulet)
HPRegen  0.15/turn              (no ring)
MPRegen  0.09/turn              (no ring)

@: no status effects
A: no striking features
a: Renounce Religion


You were on level 4 of the Dungeon.
You worshipped Yredelemnul.
Yredelemnul was noncommittal.
You visited 1 branch of the dungeon, and saw 4 of its levels.

You collected 166 gold pieces.

Inventory:

Hand Weapons
 a - a +0 war axe (weapon)
Armour
 b - a +0 scale mail (worn)
 c - a +0 kite shield (worn)
Jewellery
 e - an uncursed ring of magical power {unknown}
 j - an uncursed ring of magical power {unknown}
 p - an uncursed amulet of faith {unknown}
 r - an uncursed ring of ice {unknown}
 x - a +6 ring of intelligence {unknown}
Wands
 t - a wand of polymorph (9)
Scrolls
 f - 8 scrolls of identify {unknown}
 g - 2 scrolls of fog {unknown}
 i - 2 scrolls of remove curse {unknown}
 k - a scroll of blinking {unknown}
 l - a scroll of enchant armour {unknown}
 o - a scroll of fear {unknown}
 u - 2 scrolls of magic mapping {unknown}
 w - a scroll of enchant weapon {unknown}
Potions
 d - a potion of might
 h - a potion of degeneration {unknown}
 m - a potion of haste {unknown}
 n - a potion of flight {unknown}
 q - a potion of attraction {unknown}
 s - 2 potions of heal wounds {unknown}
 v - a potion of lignification {unknown}
 z - a potion of curing {unknown}


   Skills:
 + Level 4.2 Fighting
 + Level 4.8 Axes
 + Level 3.9 Armour
 + Level 0.5 Dodging
 + Level 4.3 Shields


You had 4 spell levels left.
You didn't know any spells.
Your spell library was empty.

Dungeon Overview and Level Annotations

Branches:
Dungeon (4/15)
 Temple: D:4-7

Altars:
Nemelex Xobeh
Sif Muna
Yredelemnul
Zin
The Shining One


Message History

You are too injured to fight recklessly!
An ogre is nearby!
An ogre is nearby!
An ogre is nearby!
You are too injured to fight recklessly!
You are too injured to fight recklessly!
You are too injured to fight recklessly!
An ogre is nearby!
An ogre is nearby!
An ogre is nearby!
You are too injured to fight recklessly!
You are too injured to fight recklessly!
You are too injured to fight recklessly!
An ogre is nearby!
An ogre is nearby!
An ogre is nearby!
Okay, then.
The ogre hits you with a +0 giant club!!
You die...
Your body rises from the dead as a mindless zombie.

#######
#.....#
#.....########
#............#
#.....######.#
##.###.# #.#
.......#
#.#######
.#.#.###
#...@O..#
.#.#.#
#######.#
<..#.# #.#
..##.# #######
#.# .....#
#.....# #.####
#.#### #.....#
#....### #.#
#.....#
#......# #.#
#.....#
#.##.#.# #.#
#.....#
##.##.#.#


You could see an ogre.

Vanquished Creatures
  3 gnolls (D:2)
  4 adders
  3 worms
  A dart slug (D:2)
  3 leopard geckos
  3 orcs (D:3)
  2 ball pythons
  8 bats
  3 giant cockroaches
  8 goblins
  6 hobgoblins
  A quokka (D:2)
  4 frilled lizards
  6 kobolds
  A leopard gecko skeleton (D:4)
  13 rats
69 creatures vanquished.

Vanquished Creatures (others)
  3 plants (D:3)
3 creatures vanquished.

Grand Total: 72 creatures vanquished

Notes
Turn   | Place    | Note
-------+----------+-------------------------------------------
     0 | D:1      | Marvel the Hill Orc Fighter began the quest for the Orb.
     0 | D:1      | Reached XP level 1. HP: 19/19 MP: 1/1
   163 | D:1      | Reached XP level 2. HP: 27/27 MP: 2/2
   483 | D:1      | Reached XP level 3. HP: 30/33 MP: 3/3
   817 | D:2      | Reached XP level 4. HP: 40/40 MP: 4/4
   904 | D:2      | Found a faded altar of an unknown god.
  1012 | D:2      | Became a worshipper of Nemelex Xobeh the Trickster
  1012 | D:2      | Reached * piety under Nemelex Xobeh
  1036 | D:2      | Received a gift from Nemelex Xobeh
  1614 | D:2      | Found a glowing golden altar of the Shining One.
  1844 | D:3      | Reached XP level 5. HP: 44/46 MP: 5/5
  2396 | D:3      | Reached ** piety under Nemelex Xobeh
  2463 | D:3      | Found a glowing silver altar of Zin.
  2463 | D:3      | Found a shimmering blue altar of Sif Muna.
  2464 | D:3      | Found a basalt altar of Yredelemnul.
  3181 | D:3      | Fell from the grace of Nemelex Xobeh
  3181 | D:3      | Became a worshipper of Yredelemnul the Dark
  3265 | D:4      | Noticed an ogre
  3297 | D:4      | Mangled by an ogre

Illustrated notes

Levels and vault maps discovered:
D:1:      dpeg_arrival_simpleton_a, layout_basic, minmay_misc_feat_rows
D:2:      layout_loops_ring, marbit_many_paths, chequers_ecumenical_altar_simple
D:3:      layout_loops_ring, gammafunk_temple_overflow_forgotten,
          serial_co_window_serial, co_window_paths_a,
          co_window_of_opportunity_a, co_window_paths_a,
          co_window_of_opportunity_a, co_window_of_opportunity_a,
          co_window_broadway_c, co_window_2corner, co_window_broadway_a,
          co_window_unsneaky_path_e, co_window_paths_c, co_window_paths_e,
          co_window_4corner_a
D:4:      layout_loops_cross, nicolae_ru_the_path_less_chosen,
          minmay_temple_entry_statues_fountains, cheibrodos_sewer_entry_bend

Skill      XL: |  1  2  3  4 |
---------------+-------------+-----
Axes           | 3 4 |  4.8
Fighting       | 4 |  4.2
Shields        | 4 |  4.3
Armour         | |  3.9
Dodging        | |  0.5

Action                   |  1- 3 |  4- 6 || total
-------------------------+-------+-------++-------
Melee: War axe           |    89 |   151 ||   240
Armor: Scale mail        |    59 |    53 ||   112
Dodge: Dodged            |    30 |    45 ||    75
Block: Kite shield       |    51 |    81 ||   132
